 Dungeon Crawl Stone Soup version 0.31-a0-1540-g5a0b83f448 (webtiles) character file.

Game seed: 16089980475521509154

159 zazu2006 the Sneak (level 5, 0/55 HPs)
             Began as a Gnoll Wanderer on Jan 1, 2024.
             Slain by a scorpion (2 damage)
             ... on level 3 of the Dungeon.
             The game lasted 00:09:49 (3769 turns).

zazu2006 the Sneak (Gnoll Wanderer)                 Turns: 3769, Time: 00:09:50

Health: 0/55       AC:  4    Str:  8    XL:     5   Next: 40%
Magic:  3/9        EV: 12    Int: 17    God:
Gold:   129        SH:  0    Dex: 11    Spells: 9/10 levels left

rFire   + . .        a - +0 dagger
rCold   . . .        (no shield)
rNeg    . . .        d - +0 robe
rPois   .            b - +0 helmet
rElec   .            r - +0 cloak
rCorr   .            (no gloves)
SInv    .            (no boots)
Will    .....        (no amulet) Stlth
                     o - ring of protection from fire
HPRegen 0.29/turn    (no ring)
MPRegen 0.11/turn

%: no passive effects
@: berserking, lit by a corona, very slightly contaminated, glowing, very quick
A: fangs 1, strong nose, distributed training, clever 1, weak 1, wild magic 1
a: no special abilities


You were on level 3 of the Dungeon.
You visited 1 branch of the dungeon, and saw 4 of its levels.

You collected 189 gold pieces.
You spent 60 gold pieces at shops.

Inventory:

Hand Weapons
 a - a +0 dagger (weapon)
Armour
 b - a +0 helmet (worn)
 d - a +0 robe (worn)
 r - a +0 cloak (worn)
Jewellery
 o - a ring of protection from fire (left hand)
Scrolls
 e - 2 scrolls of fog
 f - 2 scrolls of brand weapon {unknown}
 g - 2 scrolls of identify
 h - a scroll of teleportation
 j - a scroll of poison {unknown}
 l - a scroll of revelation {unknown}
 m - a scroll of enchant armour {unknown}
Potions
 c - a potion of berserk rage
 i - a potion of heal wounds {unknown}
 n - a potion of attraction {unknown}
 p - a potion of might {unknown}
 q - a potion of cancellation {unknown}
 s - 2 potions of resistance {unknown}


   Skills:
 + Level 1.5 Fighting
 + Level 1.5 Short Blades
 + Level 1.5 Long Blades
 + Level 1.5 Axes
 + Level 1.5 Maces & Flails
 + Level 1.5 Polearms
 + Level 1.5 Staves
 + Level 1.5 Ranged Weapons
 + Level 1.5 Throwing
 + Level 3.0 Armour
 + Level 3.0 Dodging
 + Level 6.1 Stealth
 + Level 1.5 Shields
 + Level 3.0 Unarmed Combat
 + Level 3.2 Spellcasting
 + Level 1.2 Conjurations
 + Level 1.2 Hexes
 + Level 1.2 Summonings
 + Level 1.2 Necromancy
 + Level 1.2 Translocations
 + Level 4.0 Fire Magic
 + Level 1.2 Ice Magic
 + Level 1.2 Air Magic
 + Level 1.2 Earth Magic
 + Level 1.2 Alchemy
 + Level 1.7 Invocations
 + Level 3.0 Evocations
 + Level 1.4 Shapeshifting


You had 9 spell levels left.
You knew the following spells:

 Your Spells              Type           Power      Damage    Failure   Level
a - Foxfire               Conj/Fire      60%        2x1d7     10%         1

Your spell library contained the following spells:

 Spells                   Type           Power      Damage    Failure   Level
 Apportation              Tloc           18%        N/A       16%         1
 Necrotise                Necr           36%        1d5       16%         1
 Sting                    Conj/Alch      36%        1d5       16%         1
 Summon Small Mammal      Summ           36%        N/A       16%         1
 Inner Flame              Hex/Fire       15%        N/A       24%         3
 Flame Wave               Conj/Fire      15%        2d7       58%         4
 Ignite Poison            Fire/Alch      15%        N/A       58%         4
 Sticky Flame             Fire/Alch      15%        2d5       58%         4
 Ignition                 Fire           10%        3d5       100%        8


Dungeon Overview and Level Annotations

Branches:
Dungeon (4/15)
 Temple: D:4-7

Altars:
The Shining One

Shops:
D:1 ?

Annotations:
D:4 Dowan, Duvessa


Innate Abilities, Weirdness & Mutations

You have very sharp teeth.
Your uncanny sense of smell can sniff out nearby items.
Your experience applies equally to all skills.
Your mind is acute. (Int +4, Str/Dex -1)
You are weak. (Str -2)
Your spells are a little harder to cast, but a little more powerful.


Message History

Duvessa says, "When magic and the sword combine, nothing stands against them."
Duvessa completely misses you.
Casting: Foxfire (safe; 8% risk of failure)
Confirm with . or Enter, or press ? or * to list all spells.
You miscast Foxfire.
You are very lightly contaminated with residual magic.
Nothing appears to happen.
The foxfire hits Duvessa but does no damage.
Duvessa is severely wounded.
The foxfire hits Duvessa but does no damage.
Duvessa is severely wounded.
Dowan smirks and points a slender finger.
Dowan casts a spell at you. The puff of frost hits you!
Duvessa barely misses you.
Casting: Foxfire (safe; 8% risk of failure)
Confirm with . or Enter, or press ? or * to list all spells.
You conjure some foxfire!
Duvessa hits you with a +0 short sword.
* * * LOW HITPOINT WARNING * * *
The foxfire hits Duvessa.
Duvessa is almost dead.
The foxfire hits Duvessa.
Duvessa is almost dead.
The scorpion closely misses you.
Dowan points at you and mumbles some strange words.
You are outlined in light.
Duvessa hits you with a +0 short sword!
* * * LOW HITPOINT WARNING * * *
The scorpion stings you but does no damage.
You climb upwards.
There is a stone staircase leading down here.
Unknown command.
Unknown command.
It was a potion of mutation.
You feel extremely strange.
You feel weaker.
You feel less in control of your magic.
You feel clever. The scorpion stings you.
* * * LOW HITPOINT WARNING * * *
A red film seems to cover your vision as you go berserk!
You feel yourself moving faster!
You feel mighty! The scorpion misses you.
You feel a strong urge to attack something.
The scorpion attacks as it pursues you! The scorpion stings you.
You die...

#.##.##..#.##......###.#
#.......
#......).###.#...#.###.#
#.#.####
#(.#.##..##............#
#.#.#
##.#.#.#.##..#...#.##..#
#.#.#
#....##..#..#.........#
#.#.#
#.#.###..#).#.#(#..>..#
#...#
#...###..#..#.#.#...#.#
#.###
##..##...#..#.#.#...#.###.#
#.............@s.........#
#.......#.######...#####.#
#
#.......#..........#####.#
#
#.......#.######.........#
##
#.......#.######.#.#######
#.# #..)....#........#.# #P
##.#.#..#.######.#.# ###P
#..#.......####.#.# #.#.
###.#..#..........######
###..


You could see a scorpion.

Vanquished Creatures
  Natasha (thrice) (D:2)
  3 adders
  2 dart slugs
  An orc (D:3)
  6 endoplasms
  A giant cockroach (D:3)
  7 hobgoblins
  7 kobolds
  A quokka (D:1)
  6 ball pythons
  2 bats
  4 frilled lizards
  6 goblins
  6 rats
55 creatures vanquished.

Vanquished Creatures (collateral kills)
  A foxfire (D:3)
1 creature vanquished.

Vanquished Creatures (others)
  190 foxfires
190 creatures vanquished.

Grand Total: 246 creatures vanquished

Notes
Turn   | Place    | Note
-------+----------+-------------------------------------------
     0 | D:1      | zazu2006 the Gnoll Wanderer began the quest for the Orb.
     0 | D:1      | zazu2006 set off with the following items: a +0 dagger, a
                  | +0 helmet, a potion of berserk rage, a +0 robe, a scroll of
                  | fog; and the following spell memorised: Foxfire; and the
                  | following spells available to memorise: Inner Flame, Flame
                  | Wave.
     0 | D:1      | Reached XP level 1. HP: 13/13 MP: 4/4
   373 | D:1      | Reached XP level 2. HP: 19/19 MP: 3/5
   782 | D:1      | Found Atein's Magic Scroll Boutique.
   792 | D:1      | Bought a scroll of identify for 24 gold pieces
   792 | D:1      | Bought a scroll of teleportation for 36 gold pieces
  1252 | D:2      | Reached XP level 3. HP: 25/25 MP: 5/7
  1317 | D:2      | Reached skill level 6 in Stealth
  1325 | D:2      | Noticed Natasha
  1326 | D:2      | Found a glowing golden altar of the Shining One.
  1334 | D:2      | Killed Natasha
  1335 | D:2      | Reached skill level 1 in Fighting
  1335 | D:2      | Reached skill level 1 in Short Blades
  1335 | D:2      | Reached skill level 1 in Long Blades
  1335 | D:2      | Reached skill level 1 in Axes
  1335 | D:2      | Reached skill level 1 in Maces & Flails
  1335 | D:2      | Reached skill level 1 in Polearms
  1335 | D:2      | Reached skill level 1 in Staves
  1335 | D:2      | Reached skill level 1 in Ranged Weapons
  1335 | D:2      | Reached skill level 1 in Throwing
  1335 | D:2      | Reached skill level 1 in Shields
  1335 | D:2      | Reached skill level 1 in Invocations
  1490 | D:2      | Reached skill level 1 in Shapeshifting
  1490 | D:2      | Reached XP level 4. HP: 32/32 MP: 3/8
  1745 | D:2      | Noticed Natasha
  1755 | D:2      | Killed Natasha
  1756 | D:2      | Reached skill level 1 in Conjurations
  1756 | D:2      | Reached skill level 1 in Hexes
  1756 | D:2      | Reached skill level 1 in Summonings
  1756 | D:2      | Reached skill level 1 in Necromancy
  1756 | D:2      | Reached skill level 1 in Translocations
  1756 | D:2      | Reached skill level 1 in Ice Magic
  1756 | D:2      | Reached skill level 1 in Air Magic
  1756 | D:2      | Reached skill level 1 in Earth Magic
  1756 | D:2      | Reached skill level 1 in Alchemy
  2544 | D:2      | Noticed Natasha
  2555 | D:2      | Killed Natasha
  2556 | D:2      | Reached XP level 5. HP: 28/37 MP: 4/9
  3310 | D:3      | Found a faded altar of an unknown god.
  3563 | D:4      | Noticed Duvessa
  3564 | D:4      | Noticed Dowan
  3767 | D:3      | Gained mutation: You are weak. (Str -2) [potion of
                  | mutation]
  3767 | D:3      | Gained mutation: Your spells are a little harder to cast,
                  | but a little more powerful. [potion of mutation]
  3767 | D:3      | Gained mutation: Your mind is acute. (Int +4, Str/Dex -1)
                  | [potion of mutation]
  3767 | D:3      | HP: 1/37 [scorpion (2)]
  3769 | D:3      | Slain by a scorpion

Illustrated notes

Levels and vault maps discovered:
D:1:      elethiomel_arrival_infinity_welcomes_careful_drivers, layout_basic,
          serial_shops, nicolae_diamond_shop
D:2:      layout_basic, basic_altar, roderic_serpentine_path, uniq_natasha
D:3:      layout_loops_ring, shapermc_ecumenical_altar_gd, nrook_loot_triangle
D:4:      layout_cave_pools, nicolae_uskayaw_murder_on_the_dancefloor,
          mainiacjoe_overflow_paths, minmay_temple_entry_antechambers,
          uniq_duvessa

Skill      XL: |  1  2  3  4  5 |
---------------+----------------+-----
Stealth        | 6 |  6.1
Fighting       | 1 |  1.5
Short Blades   | 1 |  1.5
Long Blades    | 1 |  1.5
Axes           | 1 |  1.5
Maces & Flails | 1 |  1.5
Polearms       | 1 |  1.5
Staves         | 1 |  1.5
Ranged Weapons | 1 |  1.5
Throwing       | 1 |  1.5
Shields        | 1 |  1.5
Invocations    | 1 |  1.7
Spellcasting   | 3 |  3.2
Shapeshifting  | 1 |  1.4
Conjurations   | 1 |  1.2
Hexes          | 1 |  1.2
Summonings     | 1 |  1.2
Necromancy     | 1 |  1.2
Translocations | 1 |  1.2
Ice Magic      | 1 |  1.2
Air Magic      | 1 |  1.2
Earth Magic    | 1 |  1.2
Alchemy        | 1 |  1.2
Armour         | 3 |  3.0
Dodging        | 3 |  3.0
Unarmed Combat | 3 |  3.0
Evocations     | 3 |  3.0
Fire Magic     | 4 |  4.0

Action                     |  1- 3 |  4- 6 || total
---------------------------+-------+-------++-------
  Melee: Dagger            |     4 |    14 ||    18
         Bite              |       |     1 ||     1
  Throw: Dart              |       |     6 ||     6
   Cast: Foxfire           |    45 |    70 ||   115
    Use: Potion            |       |     2 ||     2
 Armour: Robe              |     2 |    23 ||    25
  Dodge: Dodged            |     3 |    23 ||    26

Table legend: (Time is in decaauts)
 A = Elapsed time spent in this place.
 B = Non-inter-level travel time spent in this place.
 C = Inter-level travel time spent in this place.
 D = Time resting spent in this place.
 E = Time spent auto-exploring this place.
 F = Levels seen in this place.
 G = Mean time per level.
                   A        B        C        D        E       F      G
               +--------+--------+--------+--------+--------+-----+--------+
         Total |   3767 |   3593 |    174 |     23 |   3082 |   4 |  941.8 |
       Dungeon |   3767 |   3593 |    174 |     23 |   3082 |   4 |  941.8 |
               +--------+--------+--------+--------+--------+-----+--------+

Top non-repeatable levels by time:
     D:2: 1452 daAuts
     D:1: 1249 daAuts
     D:3: 929 daAuts
     D:4: 136 daAuts
